 Dungeon Crawl Stone Soup version 0.29.1-2-gbd0b4ee654 (webtiles) character file.

Game seed: 5145627873812961628

256 nshep25 the Chopper (level 5, -2/47 HPs)
             Began as a Minotaur Fighter on Nov 7, 2022.
             Succumbed to Blork the orc's poison
             ... on level 4 of the Dungeon.
             The game lasted 00:04:50 (2394 turns).

nshep25 the Chopper (Minotaur Fighter)              Turns: 2394, Time: 00:04:50

Health: -2/47      AC: 16    Str: 22    XL:     5   Next: 92%
Magic:  4/4        EV:  6    Int:  5    God:
Gold:   131        SH:  4    Dex: 10    Spells: 4/4 levels left

rFire   . . .      SeeInvis .   a - +0 war axe
rCold   . . .      Faith    .   c - +0 buckler
rNeg    . . .      Spirit   .   k - +0 plate armour
rPois   .          Reflect  .   (helmet restricted)
rElec   .          Harm     .   i - +2 cloak
rCorr   .          Rampage  .   u - +0 pair of gloves
Will    .....                   (no boots)
Stlth   ..........              n - amulet of regeneration
HPRegen 0.95/turn               (no ring)
MPRegen 0.09/turn               (no ring)

@: lethally poisoned (-2 -> -8)
A: horns 2, retaliatory headbutt
a: no special abilities


You were on level 4 of the Dungeon.
You visited 1 branch of the dungeon, and saw 4 of its levels.

You collected 173 gold pieces.
You spent 42 gold pieces at shops.

Inventory:

Hand Weapons
 a - a +0 war axe (weapon)
Missiles
 s - 2 javelins (quivered)
Armour
 b - a +0 scale mail
 c - a +0 buckler (worn)
 i - a +2 cloak (worn)
 k - a +0 plate armour (worn)
 u - a +0 pair of gloves (worn)
Jewellery
 n - an amulet of regeneration (around neck)
Scrolls
 e - a scroll of immolation {unknown}
 h - 4 scrolls of identify {unknown}
 j - a scroll of torment {unknown}
 m - 2 scrolls of teleportation {unknown}
 q - a scroll of brand weapon {unknown}
 v - a scroll of poison {unknown}
Potions
 d - a potion of might
 f - a potion of cancellation {unknown}
 g - a potion of attraction {unknown}
 l - a potion of haste {unknown}
 o - a potion of heal wounds {unknown}
 r - 2 potions of resistance {unknown}
 t - a potion of lignification {unknown}


   Skills:
 + Level 4.7 Fighting
 + Level 5.2 Axes
 + Level 4.9 Armour
 + Level 4.6 Shields


You had 4 spell levels left.
You didn't know any spells.
Your spell library was empty.

Dungeon Overview and Level Annotations

Branches:
Dungeon (4/15)
 Temple: D:4-7

Altars:
Yredelemnul

Shops:
D:2 *

Annotations:
D:4 1 transporter, Blork the orc, Grinder


Innate Abilities, Weirdness & Mutations

You have a pair of horns on your head.
You reflexively headbutt those who attack you in melee.


Message History

Blork the orc looks braver for a moment.
You can move again.
You hit Blork the orc but do no damage.
Blork the orc is heavily wounded.
You slash Grinder!
You feel sick. Grinder hits you!
* * * LOW HITPOINT WARNING * * *
You writhe in agony.
* * * LOW HITPOINT WARNING * * *
Blork the orc hits you but does no damage.
You are lethally poisoned!
You feel better. Grinder gestures at you. Pain shoots through your body!
* * * LOW HITPOINT WARNING * * *
Blork the orc hits you but does no damage.
You are poisoned.
You feel better. Grinder gestures at you.
You barely resist.
Blork the orc looks angry.
Blork the orc hits you but does no damage.
You are poisoned.
You closely miss Blork the orc. You headbutt Blork the orc!
Blork the orc is severely wounded.
You hit Grinder but do no damage.
You feel very sick. Grinder hits you but does no damage.
Blork the orc closely misses you.
You closely miss Blork the orc. Your headbutt misses Blork the orc.
Blork the orc is severely wounded.
You closely miss Grinder.
You feel sick. Grinder gestures at you. Pain shoots through your body!
* * * LOW HITPOINT WARNING * * *
Blork the orc hits you with a +1 war axe of venom.
* * * LOW HITPOINT WARNING * * *
You are more poisoned.
You barely miss Blork the orc.
Blork the orc is severely wounded.
You closely miss Grinder.
You die...

#..# #..# .. #..#..###
### ..8#..#...... ..#
..##..#..##.#. #.#
......#..##.##.##5##
[[...©#..##.##.o@..#
#######..##.#####..#
©........##<#####..#
.........##........#
###..##.....#####.......#
###..##.....# #...#.#.#
............# #.##.##
..#####.....# ... .# ###
#.....# ..# ##


You could see Grinder and Blork the orc.

Vanquished Creatures
  A phantom (D:4)
  A scorpion (D:4)
  2 adders (D:3)
  3 gnolls (D:4)
  An ufetubus (D:4)
  3 worms
  3 dart slugs
  2 orcs (D:3)
  4 endoplasms
  A giant cockroach (D:1)
  5 hobgoblins
  4 quokkas
  9 ball pythons
  5 bats
  10 frilled lizards (D:1)
  4 goblins
  2 kobolds
  3 rats
63 creatures vanquished.

Vanquished Creatures (others)
  14 plants
14 creatures vanquished.

Grand Total: 77 creatures vanquished

Notes
Turn   | Place    | Note
-------+----------+-------------------------------------------
     0 | D:1      | nshep25 the Minotaur Fighter began the quest for the Orb.
     0 | D:1      | Reached XP level 1. HP: 19/19 MP: 0/0
   286 | D:1      | Found a faded altar of an unknown god.
   395 | D:1      | Reached XP level 2. HP: 27/27 MP: 1/1
   991 | D:2      | Found Doot's General Store.
   999 | D:2      | Bought a potion of curing for 42 gold pieces
  1019 | D:2      | Reached XP level 3. HP: 33/33 MP: 2/2
  1035 | D:2      | Reached skill level 3 in Axes
  1576 | D:3      | Found a basalt altar of Yredelemnul.
  1897 | D:3      | Reached XP level 4. HP: 41/41 MP: 3/3
  2176 | D:4      | Noticed a scorpion
  2178 | D:4      | Killed a scorpion
  2179 | D:4      | Reached skill level 4 in Axes
  2180 | D:4      | Noticed a phantom
  2195 | D:4      | Killed a phantom
  2196 | D:4      | Reached XP level 5. HP: 47/47 MP: 4/4
  2306 | D:4      | Reached skill level 5 in Axes
  2351 | D:4      | Found a transporter.
  2375 | D:4      | Noticed Blork the orc
  2376 | D:4      | Noticed Grinder
  2384 | D:4      | Paralysed by Grinder for 5 turns
  2393 | D:4      | HP: 1/47 [Blork the orc/+1 war axe of venom (3)]
  2394 | D:4      | Succumbed to Blork the orc's poison

Illustrated notes

Levels and vault maps discovered:
D:1:      giann_wishing_wells, layout_basic, shapermc_ecumenical_altar_gd,
          roderic_roman_lattice, minmay_misc_feat_tower, minmay_lizard_king
D:2:      layout_rooms, serial_forest, infiniplex_forest_lined_room_2,
          infiniplex_forest_clump_cross, infiniplex_forest_clump_cross,
          infiniplex_forest_fountain, infiniplex_forest_clump_long,
          infiniplex_forest_zigzag_1, infiniplex_forest_split, serial_shops,
          shop
D:3:      layout_loops_ring, general_overflow_altar
D:4:      layout_loops_cross, amethyst_overflow_temple_binary,
          gammafunk_ghost_mausoleum, uniq_grinder, uniq_ijyb,
          uniq_crazy_yiuf_cottage, uniq_blork_the_orc

Skill      XL: |  1  2  3  4  5 |
---------------+----------------+-----
Armour         | 4 |  4.9
Fighting       | 4 |  4.7
Axes           | 3 4 5 |  5.2
Shields        | 4 |  4.6

Action                   |  1- 3 |  4- 6 || total
-------------------------+-------+-------++-------
Melee: War axe           |    87 |    45 ||   132
       Headbutt          |     9 |     8 ||    17
  Use: Potion            |       |     2 ||     2
Armor: Scale mail        |     9 |       ||     9
       Plate armour      |    68 |    37 ||   105
Dodge: Dodged            |    47 |    20 ||    67
Block: Buckler           |    23 |    10 ||    33
